 Dungeon Crawl Stone Soup version 0.28.0-53-g5a82cb258f (webtiles) character file.

Game seed: 11360356791646232997

782 Jerry the Shield-Bearer (level 7, -1/38 HPs)
             Began as a Vine Stalker Fighter on Aug 2, 2022.
             Slain by an ogre
             ... wielding a +0 giant club
              (8 damage)
             ... on level 5 of the Dungeon.
             The game lasted 00:09:18 (4024 turns).

Jerry the Shield-Bearer (Vine Stalker Fighter)      Turns: 4024, Time: 00:09:19

Health: -1/38      AC:  9    Str: 19    XL:     7   Next: 86%
Magic:  0/8        EV:  9    Int:  8    God:
Gold:   199        SH:  5    Dex: 15    Spells: 6/6 levels left

rFire   . . .      SeeInvis .   a - +1 rapier
rCold   . . .      Faith    .   c - +0 buckler
rNeg    . . .      Spirit   +   b - +0 scale mail
rPois   .          Reflect  .   l - +1 helmet
rElec   .          Harm     .   (no cloak)
rCorr   .          Rampage  .   (no gloves)
Will    .....                   (no boots)
Stlth   ..........              o - amulet of the acrobat
HPRegen 0.92/turn               (no ring)
MPRegen 0.11/turn               (no ring)

@: no status effects
A: fangs 2, regeneration 1, magic shield, antimagic bite, no potion heal 2
a: no special abilities


You were on level 5 of the Dungeon.
You visited 1 branch of the dungeon, and saw 5 of its levels.

You collected 199 gold pieces.

Inventory:

Hand Weapons
 a - a +1 rapier (weapon)
Armour
 b - a +0 scale mail (worn)
 c - a +0 buckler (worn)
 l - a +1 helmet (worn)
Jewellery
 o - an amulet of the acrobat (around neck)
Wands
 k - a wand of polymorph (8)
Scrolls
 f - a scroll of fear
 g - a scroll of identify {unknown}
 i - a scroll of enchant weapon
 j - a scroll of noise {unknown}
 m - 2 scrolls of enchant armour
 p - a scroll of vulnerability {unknown}
Potions
 d - a potion of might
 e - a potion of lignification {unknown}
 h - 3 potions of mutation {unknown}
 n - 2 potions of flight {unknown}
 q - 2 potions of cancellation {unknown}


   Skills:
 + Level 4.6 Fighting
 + Level 4.2 Short Blades
 + Level 4.2 Armour
 + Level 4.7 Shields


You had 6 spell levels left.
You didn't know any spells.
Your spell library contained the following spells:

 Spells                   Type           Power      Damage    Failure   Level
 Beastly Appendage        Tmut           0%         N/A       85%         1
 Wereblood                Tmut           0%         N/A       94%         2
 Spider Form              Tmut/Pois      0%         N/A       99%         3
 Olgreb's Toxic Radiance  Pois           0%         N/A       100%        4
 Malign Gateway           Summ/Tloc      0%         N/A       100%        7
 Ozocubu's Refrigeration  Ice            0%         4d5       100%        7
 Ignition                 Fire           0%         3d3       100%        8
 Summon Horrible Things   Summ           0%         N/A       100%        8


Dungeon Overview and Level Annotations

Branches:
Dungeon (5/15)
 Temple: D:4-7

Altars:
Elyvilon
Gozag
Hepliaklqana
Makhleb
Nemelex Xobeh
Okawaru
Trog
Vehumet
Wu Jian
Yredelemnul


Innate Abilities, Weirdness & Mutations

You have extremely sharp teeth.
Your natural rate of healing is unusually fast.
When hurt, damage is shared between your health and your magic reserves.
Your bite disrupts and absorbs the magic of your enemies.
Potions cannot restore your health.


Message History

The ufetubus hits you but does no damage. x2
You puncture the ufetubus!
You kill the ufetubus!
No target in view!
A shadow imp comes into view.
A shadow imp is nearby!
A shadow imp is nearby!
Found 12 gold pieces.
The shadow imp shouts, "Scamper home, thou frothy kobold-kissing bounder!"
The shadow imp barely misses you.
You puncture the shadow imp!
The shadow imp is severely wounded.
The shadow imp closely misses you.
You hit the shadow imp but do no damage.
You bite the shadow imp.
You kill the shadow imp!
No target in view!
No target in view!
You now have 199 gold pieces (gained 12).
Found a rapier.
An ogre comes into view. It is wielding a +0 giant club.
The ogre hits you with a +0 giant club.
An ogre is nearby!
You closely miss the ogre. You bite the ogre, but do no damage.
The ogre hits you with a +0 giant club!!
You are too injured to fight recklessly!
You are too injured to fight recklessly!
You are too injured to fight recklessly!
You are too injured to fight recklessly!
You puncture the ogre! You bite the ogre. You drain its power.
You feel invigorated.
The ogre is heavily wounded.
You hit the ogre.
The ogre is severely wounded.
The ogre hits you with a +0 giant club!!
* * * LOW HITPOINT WARNING * * *
You hit the ogre. You bite the ogre. You drain its power.
You feel invigorated.
The ogre is almost dead.
The ogre hits you with a +0 giant club!
You die...

#### .... #### # #
#. .# #.###.# ###
#.).O.# ..# #. #@#
#.# #.# #.# #.#
#.# #.# #†# #.#
#.# #.# #.# #.#
#.######.### #.#
...........#####.#
..#####..........#
..# #..#.#######


You could see an ogre.

Vanquished Creatures
  An ogre (D:5)
  2 scorpions (D:5)
  The ghost of Spoonbill the Skirmisher, a weakling DrMo (D:3)
  2 water moccasin skeletons (D:5)
  A bullfrog zombie (D:5)
  A hound (D:4)
  An orc priest (D:5)
  3 iguanas
  2 orc wizards
  3 hound skeletons (D:4)
  Robin (D:2)
  3 adders
  A shadow imp (D:5)
  An ufetubus (D:5)
  A worm (D:4)
  5 dart slugs
  11 orcs
  13 ball pythons
  6 endoplasms
  3 giant cockroaches
  14 goblins
  9 hobgoblins
  8 jackals
  6 kobolds
  5 quokkas
  7 bats
  3 frilled lizards
  12 rats
126 creatures vanquished.

Vanquished Creatures (others)
  A fungus (D:3)
  2 plants (D:3)
3 creatures vanquished.

Grand Total: 129 creatures vanquished

Notes
Turn   | Place    | Note
-------+----------+-------------------------------------------
     0 | D:1      | Jerry the Vine Stalker Fighter began the quest for the Orb.
     0 | D:1      | Reached XP level 1. HP: 11/11 MP: 2/2
   280 | D:1      | Reached XP level 2. HP: 16/16 MP: 3/3
   450 | D:1      | Reached XP level 3. HP: 18/19 MP: 4/4
  1376 | D:2      | Noticed Robin
  1394 | D:2      | Gained mutation: Your natural rate of healing is unusually
                  | fast. [Vine Stalker growth]
  1394 | D:2      | Reached XP level 4. HP: 24/24 MP: 5/5
  1419 | D:2      | Killed Robin
  1961 | D:3      | Noticed Spoonbill's ghost (weakling DrMo)
  1967 | D:3      | Found a runed translucent gate.
  1967 | D:3      | Found a runed translucent gate.
  1968 | D:3      | Found a runed translucent gate.
  2160 | D:3      | Reached XP level 5. HP: 28/28 MP: 6/6
  2522 | D:3      | Killed Spoonbill's ghost
  2597 | D:3      | Found a faded altar of an unknown god.
  2851 | D:4      | Reached XP level 6. HP: 24/33 MP: 4/7
  3160 | D:4      | Found a basalt altar of Yredelemnul.
  3606 | D:5      | Entered Level 5 of the Dungeon
  3654 | D:5      | Found an opulent altar of Gozag.
  3660 | D:5      | Found a sparkling altar of Nemelex Xobeh.
  3715 | D:5      | Reached XP level 7. HP: 35/37 MP: 8/8
  3764 | D:5      | Found a hazy altar of Hepliaklqana.
  3770 | D:5      | Found a bloodstained altar of Trog.
  3772 | D:5      | Found a burning altar of Makhleb.
  3772 | D:5      | Found an iron altar of Okawaru.
  3773 | D:5      | Found a white marble altar of Elyvilon.
  3776 | D:5      | Found a radiant altar of Vehumet.
  3777 | D:5      | Found an ornate altar of the Wu Jian Council.
  4024 | D:5      | Slain by an ogre

Illustrated notes

Levels and vault maps discovered:
D:1:      lightli_arrival_maybe_door_vault, layout_basic
D:2:      layout_loops_ring, uniq_robin
D:3:      layout_loops_cross, gammafunk_ghost_split,
          shapermc_ecumenical_altar_petra, grunt_ministairs_14,
          kennysheep_path_1, hangedman_decor_opposing
D:4:      layout_basic, nicolae_overflow_crystal_walls, minmay_misc_feat_roman
D:5:      layout_loops_ring, mainiacjoe_overflow_alcove_2, minitemple,
          lemuel_flamethrower_2

Skill      XL: |  1  2  3  4  5  6  7 |
---------------+----------------------+-----
Short Blades   | 2 3 4 |  4.2
Shields        | 3 4 |  4.7
Fighting       | 3 4 |  4.6
Armour         | 3 4 |  4.2

Action                   |  1- 3 |  4- 6 |  7- 9 || total
-------------------------+-------+-------+-------++-------
Melee: Rapier            |    61 |    91 |    82 ||   234
       Bite              |    28 |    72 |    21 ||   121
       Dagger            |    56 |   118 |       ||   174
       Unarmed           |       |     7 |       ||     7
  Use: Scroll            |       |     4 |       ||     4
Armor: Scale mail        |    61 |    67 |    35 ||   163
       Skin              |       |     1 |       ||     1
Dodge: Dodged            |    40 |    76 |    21 ||   137
Block: Buckler           |    18 |    34 |    22 ||    74
